 Dungeon Crawl Stone Soup version 0.25.1-2-g60ff931df9 (webtiles) character file.

Game seed: 17669022562473090888

164 hawla the Chopper (level 5, -4/47 HPs)
             Began as a Hill Orc Monk on Sept 27, 2020.
             Was a Believer of Beogh.
             Slain by an iguana (7 damage)
             ... on level 4 of the Dungeon.
             The game lasted 00:07:05 (3845 turns).

hawla the Chopper (Hill Orc Monk)                   Turns: 3845, Time: 00:07:05

Health: -4/47      AC:  5    Str: 18 (21) XL:     5   Next: 45%
Magic:  5/5        EV: 12    Int:  8 (10) God:    Beogh [**....]
Gold:   108        SH:  0    Dex: 12 (13) Spells: 4/4 levels left

rFire    . . .     SeeInvis .   a - +1 hand axe
rCold    . . .     Gourm    .   (no shield)
rNeg     . . .     Faith    .   s - +0 ring mail
rPois    .         Spirit   .   (no helmet)
rElec    .         Reflect  .   (no cloak)
rCorr    .         Harm     .   (no gloves)
MR       .....     Rnd*Tele +   (no boots)
Stlth    +.........             (no amulet)
HPRegen  0.15/turn              k - +6 ring of strength
MPRegen  0.09/turn              t - ring of teleportation

@: about to teleport, stab
A: no striking features
a: Smiting, Renounce Religion


You were on level 4 of the Dungeon.
You worshipped Beogh.
Beogh was pleased with you.
You were not hungry.

You visited 1 branch of the dungeon, and saw 4 of its levels.

You collected 108 gold pieces.

Inventory:

Hand Weapons
 a - a +1 hand axe (weapon)
Missiles
 e - 7 boomerangs (quivered)
Armour
 d - a +0 scale mail
 m - a +0 plate armour
 q - a +0 helmet
 s - a +0 ring mail (worn)
Jewellery
 k - a +6 ring of strength (left hand)
 t - a ring of teleportation (right hand)
Scrolls
 g - 3 scrolls of identify
 h - a scroll of enchant armour
 j - a scroll of teleportation
Potions
 n - a potion of magic
 p - 2 potions of haste
Comestibles
 c - 11 rations


   Skills:
 + Level 4.7 Fighting
 + Level 5.0(5.2) Axes
   Level 1.1(2.9) Polearms
 + Level 1.5 Armour
 * Level 3.5 Dodging
 - Level 1.5 Stealth


You had 4 spell levels left.
You didn't know any spells.
Your spell library was empty.

Dungeon Overview and Level Annotations

Branches:
Dungeon (4/15)
 Temple: D:4-7

Altars:
Zin

Shops:
D:3 *


Message History

The worker ant is too close now for your liking.
An iguana comes into view.
The iguana hisses angrily.
The iguana barely misses you.
You hit the iguana but do no damage. The iguana bites you!
* * * LOW HITPOINT WARNING * * *
You hit the iguana but do no damage.
The iguana bites you but does no damage.
It was a potion of stabbing.
You feel ready to backstab. The iguana closely misses you.
It was a potion of degeneration.
There was something very wrong with that liquid.
You feel weakened.
You feel dopey.
You feel clumsy. The iguana bites you.
* * * LOW HITPOINT WARNING * * *
Unknown command.
As you read the scroll of teleportation, it crumbles to dust.
You feel strangely unstable. The iguana bites you!
You die...

............#
............#
..........?.+
............#
............#
....a.......#
#########.###
############.#
......l@.....#
##############


You could see an iguana.

Vanquished Creatures
  A bullfrog skeleton (D:2)
  An orc wizard (D:3)
  Robin (D:4)
  An adder (D:3)
  2 oozes (D:1)
  2 leopard geckos
  5 orcs (D:3)
  2 giant cockroaches
  10 goblins
  6 hobgoblins
  8 jackals
  A quokka (D:2)
  11 bats
  4 frilled lizards
  12 kobolds
  5 rats
72 creatures vanquished.

Vanquished Creatures (others)
  2 orcs (D:3)
  A giant cockroach (D:3)
3 creatures vanquished.

Grand Total: 75 creatures vanquished

Notes
Turn   | Place    | Note
-------+----------+-------------------------------------------
     0 | D:1      | hawla the Hill Orc Monk began the quest for the Orb.
     0 | D:1      | Reached XP level 1. HP: 19/19 MP: 1/1
   358 | D:1      | Reached XP level 2. HP: 27/27 MP: 2/2
  1028 | D:1      | Reached XP level 3. HP: 33/33 MP: 3/3
  1479 | D:1      | You fall into a shaft and drop 1 floor!
  1867 | D:2      | Reached XP level 4. HP: 12/41 MP: 4/4
  2111 | D:2      | Found a faded altar of an unknown god.
  2594 | D:3      | Reached skill level 1 in Polearms
  2766 | D:3      | Became a worshipper of Beogh the Brigand
  2766 | D:3      | Reached * piety under Beogh
  2766 | D:3      | Reached ** piety under Beogh
  2782 | D:3      | Reached skill level 1 in Armour
  2782 | D:3      | Reached XP level 5. HP: 41/47 MP: 5/5
  3320 | D:3      | Reached skill level 5 in Axes
  3567 | D:3      | Found Zin's Purification Station.
  3569 | D:3      | Found a glowing silver altar of Zin.
  3755 | D:4      | Noticed Robin
  3769 | D:4      | Killed Robin
  3845 | D:4      | Slain by an iguana

Illustrated notes

Levels and vault maps discovered:
D:1:      minmay_arrival_loop, layout_basic
D:2:      layout_loops_corners, chequers_ecumenical_altar_simple_redux,
          minmay_strange_pillars
D:3:      layout_basic, zin_purify, first_ration
D:4:      layout_basic, uniq_robin

Skill      XL: |  1  2  3  4  5 |
---------------+----------------+-----
Fighting       | 4 |  4.7
Dodging        | 3 |  3.5
Polearms       | 1 |  1.1
Armour         | 1 |  1.5
Axes           | 5 |  5.0
Stealth        | |  1.5

Action                   |  1- 3 |  4- 6 || total
-------------------------+-------+-------++-------
Melee: Hand axe          |    61 |    69 ||   130
       Spear             |    45 |    51 ||    96
Throw: Boomerang         |       |     4 ||     4
Invok: Convert to Beogh  |       |     1 ||     1
  Use: Scroll            |     3 |     9 ||    12
       Potion            |     2 |     4 ||     6
 Stab: Sleeping          |     5 |     2 ||     7
  Eat: Chunk             |     3 |     6 ||     9
Armor: Robe              |    16 |       ||    16
       Leather armour    |     2 |    25 ||    27
       Ring mail         |       |     9 ||     9
Dodge: Dodged            |    72 |    90 ||   162
